 Dungeon Crawl Stone Soup version 0.26-a0-651-gb41185065b (webtiles) character file.

Game seed: 12829011013653442238

723 raph the Spear-Bearer (level 7, 0/50 HPs)
             Began as a Merfolk Gladiator on Oct 25, 2020.
             Slain by Duvessa
             ... wielding a +0 short sword
              (11 damage)
             ... on level 5 of the Dungeon.
             The game lasted 00:10:05 (4446 turns).

raph the Spear-Bearer (Merfolk Gladiator)           Turns: 4446, Time: 00:10:06

Health: 0/50       AC: 14    Str: 15    XL:     7   Next: 71%
Magic:  7/7        EV: 14    Int:  7    God:
Gold:   267        SH:  0    Dex: 17    Spells: 6/6 levels left

rFire    . . .     SeeInvis .   a - +1 trident
rCold    + . .     Faith    .   (no shield)
rNeg     + . .     Spirit   .   p - +3 leather armour {rN+}
rPois    .         Reflect  .   c - +1 helmet
rElec    .         Harm     .   (no cloak)
rCorr    .         Rampage  .   (no gloves)
MR       .....                  e - +1 pair of boots
Stlth    +.........             (no amulet)
HPRegen  0.16/turn              m - ring of protection from cold
MPRegen  0.10/turn              l - +4 ring of protection

@: glowing
A: change form in water, swift swim, stealthy swim
a: no special abilities


You were on level 5 of the Dungeon.
You visited 1 branch of the dungeon, and saw 5 of its levels.

You collected 267 gold pieces.

Inventory:

Hand Weapons
 a - a +1 trident (weapon)
Missiles
 d - a throwing net (quivered)
 r - 2 boomerangs
Armour
 b - a +0 leather armour
 c - a +1 helmet (worn)
 e - a +1 pair of boots (worn)
 n - a +0 leather armour
 p - a +3 leather armour of positive energy (worn)
 q - a +0 pair of boots
Jewellery
 h - an uncursed ring of flight
 l - a +4 ring of protection (right hand)
 m - a ring of protection from cold (left hand)
Wands
 x - a wand of polymorph (6)
Scrolls
 f - 3 scrolls of remove curse
 g - 8 scrolls of identify
 o - 2 scrolls of teleportation
Potions
 i - 2 potions of magic
 j - a potion of haste
 k - a potion of heal wounds
 s - a potion of might
 u - 2 potions of degeneration
 z - a potion of mutation


   Skills:
 - Level 2.1 Fighting
 * Level 12.2 Polearms
 - Level 2.0 Throwing
 - Level 4.0 Dodging


You had 6 spell levels left.
You didn't know any spells.
Your spell library was empty.

Dungeon Overview and Level Annotations

Branches:
Dungeon (5/15)             Temple (0/1) D:5

Altars:
Nemelex Xobeh
Trog

Annotations:
D:5 Duvessa


Message History

Duvessa is moderately wounded.
Duvessa closely misses you.
You hit Duvessa.
Duvessa is moderately wounded.
Duvessa hits you with a +0 short sword!
You are too injured to fight recklessly!
You are too injured to fight recklessly!
You are too injured to fight recklessly!
You are too injured to fight recklessly!
You are too injured to fight recklessly!
You are too injured to fight recklessly!
You are too injured to fight recklessly!
You hit Duvessa but do no damage.
Duvessa is moderately wounded.
Duvessa hits you with a +0 short sword!
* * * LOW HITPOINT WARNING * * *
Duvessa hits you but does no damage.
Okay, then.
Duvessa hits you with a +0 short sword!
You die...

#..>...... #.#......# #
.......#.#
#.###...#.#.##
#...).........
#####)...!######
#..<#.).........
#.###.....###########
#.# #.....@.........#
#.###'###..e.........
###......##............
#....>...##........[...
#.#......##.....)(.....
#.#....####.......((...
#.#..#.####......§§.(..
#.####...#######.§§§.##
#........# .....#


You could see Duvessa (berserk).

Vanquished Creatures
  Grinder (D:4)
  Dowan (D:5)
  2 hounds
  2 orc priests (D:4)
  Ijyb (D:3)
  A centaur skeleton (D:4)
  Natasha (thrice) (D:2)
  3 orc wizards
  3 adders
  A shadow imp (D:2)
  2 oozes
  2 worms
  3 dart slugs
  17 orcs
  A ball python (D:3)
  4 giant cockroaches
  9 goblins
  7 hobgoblins
  8 jackals
  5 bats
  A frilled lizard (D:1)
  10 kobolds
  7 rats
94 creatures vanquished.

Notes
Turn   | Place    | Note
-------+----------+-------------------------------------------
     0 | D:1      | raph the Merfolk Gladiator began the quest for the Orb.
     0 | D:1      | Reached XP level 1. HP: 16/16 MP: 1/1
    54 | D:1      | Reached skill level 5 in Polearms
    88 | D:1      | Found a sparkling altar of Nemelex Xobeh.
   156 | D:1      | Reached XP level 2. HP: 22/22 MP: 2/2
   551 | D:1      | Reached skill level 6 in Polearms
   551 | D:1      | Reached XP level 3. HP: 27/27 MP: 3/3
   684 | D:2      | Found a bloodstained altar of Trog.
   684 | D:2      | Noticed Natasha
   697 | D:2      | Killed Natasha
  1125 | D:2      | Reached skill level 7 in Polearms
  1125 | D:2      | Reached XP level 4. HP: 33/33 MP: 4/4
  1130 | D:2      | Found a sparkling altar of Nemelex Xobeh.
  1486 | D:2      | Noticed Natasha
  1531 | D:2      | Killed Natasha
  1755 | D:2      | Reached skill level 8 in Polearms
  1755 | D:2      | Reached XP level 5. HP: 38/38 MP: 5/5
  2057 | D:2      | Noticed Natasha
  2086 | D:2      | Killed Natasha
  2263 | D:3      | Noticed Ijyb
  2772 | D:3      | Reached skill level 9 in Polearms
  3004 | D:3      | Reached XP level 6. HP: 44/44 MP: 6/6
  3112 | D:3      | Paralysed by Ijyb for 2 turns
  3125 | D:3      | Killed Ijyb
  3362 | D:4      | Noticed Grinder
  3393 | D:4      | Killed Grinder
  3393 | D:4      | Reached skill level 11 in Polearms
  3393 | D:4      | Reached XP level 7. HP: 25/50 MP: 7/7
  4352 | D:5      | Entered Level 5 of the Dungeon
  4390 | D:5      | Reached skill level 12 in Polearms
  4411 | D:5      | Noticed Dowan
  4415 | D:5      | Found a staircase to the Ecumenical Temple.
  4420 | D:5      | Noticed Duvessa
  4439 | D:5      | Killed Dowan
  4446 | D:5      | Slain by Duvessa

Illustrated notes

Levels and vault maps discovered:
D:1:      nzn_arrival_settlement, layout_basic, nemelex_diamond_rough_becter
D:2:      layout_basic, bloody_trog, nemelex_dance_club_becter, uniq_natasha
D:3:      layout_basic, kennysheep_donut, uniq_ijyb
D:4:      layout_loops_ring, uniq_grinder
D:5:      layout_basic, marbit_many_paths, old_standard_altar,
          minmay_temple_entry_purple_smoke, uniq_duvessa, uniq_menkaure

Skill      XL: |  1  2  3  4  5  6  7 |
---------------+----------------------+-----
Polearms       | 5 6 7 8 9 11 12 | 12.2
Fighting       | |  2.1
Throwing       | |  2.0
Dodging        | |  4.0

Action                   |  1- 3 |  4- 6 |  7- 9 || total
-------------------------+-------+-------+-------++-------
Melee: Trident           |    75 |   174 |   107 ||   356
Throw: Throwing net      |       |     3 |     1 ||     4
       Dart              |       |     5 |    14 ||    19
  Use: Scroll            |       |    15 |       ||    15
       Potion            |       |     1 |       ||     1
 Stab: Distracted        |     1 |     1 |       ||     2
Armor: Leather armour    |    15 |    45 |    26 ||    86
Dodge: Dodged            |    57 |   100 |    29 ||   186

Table legend: (Time is in decaauts)
 A = Elapsed time spent in this place.
 B = Non-inter-level travel time spent in this place.
 C = Inter-level travel time spent in this place.
 D = Time resting spent in this place.
 E = Time spent auto-exploring this place.
 F = Levels seen in this place.
 G = Mean time per level.
                   A        B        C        D        E       F      G
               +--------+--------+--------+--------+--------+-----+--------+
         Total |   4387 |   4302 |     85 |   1521 |   1770 |   5 |  877.4 |
       Dungeon |   4387 |   4302 |     85 |   1521 |   1770 |   5 |  877.4 |
               +--------+--------+--------+--------+--------+-----+--------+

Top non-repeatable levels by time:
     D:2: 1661 daAuts
     D:4: 1017 daAuts
     D:1: 825 daAuts
     D:3: 800 daAuts
     D:5: 83 daAuts
